 Dungeon Sprint DCSS version 0.29.1-12-g30fa7ad0bf (webtiles) character file.

Game seed: 13375070193104357755

0 dduke234 the Trooper (level 1, -1/18 HPs)
             Began as a Demonspawn Monk on Jan 18, 2023.
             Slain by an adder (3 damage)
             ... in the Dungeon (Sprint VI: "Thunderdome").
             The game lasted 00:01:32 (72 turns).

dduke234 the Trooper (Demonspawn Monk)                Turns: 72, Time: 00:01:33

Health: -1/18      AC:  2    Str: 11    XL:     1   Next: 16%
Magic:  1/1        EV: 10    Int: 11    God:
Gold:   200        SH:  0    Dex: 15    Spells: 0/0 levels left

rFire   . . .      SeeInvis .   a - +0 spear
rCold   . . .      Faith    .   (no shield)
rNeg    . . .      Spirit   .   b - +0 robe
rPois   .          Reflect  .   (no helmet)
rElec   .          Harm     .   (no cloak)
rCorr   .          Rampage  .   (no gloves)
Will    .....      NoTele   +   (no boots)
Stlth   ++........              (no amulet)
HPRegen 0.06/turn               (no ring)
MPRegen 0.07/turn               (no ring)

@: lethally poisoned (-1 -> -3), constricted
A: no striking features
a: no special abilities


You were in the Dungeon.
You visited 1 branch You collected 200 gold pieces.

Inventory:

Hand Weapons
 a - a +0 spear (weapon)
Armour
 b - a +0 robe (worn)
Wands
 k - a wand of quicksilver (5)
 l - a wand of roots (5)
Scrolls
 i - 4 scrolls of blinking
 m - 3 scrolls of butterflies
Potions
 c - a potion of ambrosia
 d - a potion of curing
 e - 3 potions of heal wounds
 f - 4 potions of haste
 g - 2 potions of magic
 h - a potion of berserk rage
 j - a potion of resistance


   Skills:
 * Level 3.3 Fighting
 + Level 2.8 Polearms
 + Level 2.8 Dodging
 - Level 1.7 Stealth


You couldn't memorise any spells.
You didn't know any spells.
Your spell library was empty.

Dungeon Overview and Level Annotations

Branches:
Dungeon (1/1)

Altars:
Dithmenos
Gozag
Kikubaaqudgha
Okawaru
Qazlal
Ru
Sif Muna
Trog
Uskayaw
Wu Jian
Yredelemnul
Lugonu

Shops:
D *[?**[(!!!!


Message History

You are too injured to fight recklessly!
You feel much better.
You feel sick. The adder bites you.
You are more poisoned.
The adder poisons you! The ball python bites you.
The ball python constricts you.
The ball python's grasp on you weakens, but your attempt to escape fails.
You feel sick. The ball python loses its grip on you. The adder misses you.
The adder closely misses you.
You hit the adder.
The adder is moderately wounded.
You feel sick. The adder bites you but does no damage. The adder bites you.
You are more poisoned.
The adder poisons you! The ball python barely misses you. x2
You closely miss the adder.
The adder is moderately wounded.
You feel sick.
The adder bites you but does no damage. x2
The ball python barely misses you. The ball python closely misses you.
The adder bites you but does no damage.
You hit the adder but do no damage.
The adder is moderately wounded.
You feel sick. The adder misses you. The adder bites you but does no damage.
The ball python misses you. The ball python barely misses you.
You barely miss the adder.
The adder is moderately wounded.
You feel sick. The adder bites you.
* * * LOW HITPOINT WARNING * * *
The adder barely misses you. The ball python barely misses you.
The ball python grabs you. The ball python constricts you.
The adder closely misses you.
You closely miss the adder.
The adder is moderately wounded.
* * * LOW HITPOINT WARNING * * *
You feel sick. The adder barely misses you. The ball python bites you.
* * * LOW HITPOINT WARNING * * *
The ball python constricts you. The adder misses you.
You hit the adder but do no damage.
The adder is moderately wounded.
* * * LOW HITPOINT WARNING * * *
You feel sick. The adder bites you.
You die...

#.8.. ....8.##
##.___...... #......_
###∩........8. #.8.....
#.............###.......
⌠..........# #...###....
⌠..........# #.<.# #....
⌠..........###...###....
#.....SSS.....###.......
#∩...@....8.# #.8.....
##∩___......###......_
######.8......S..8.##
#⌠........†..⌠#
###.........###
#........_# #_......._#
#_........# #∩.......∩#


You could see 2 adders and a ball python.

Vanquished Creatures
  2 ball pythons (D)
2 creatures vanquished.

Notes
Turn   | Place    | Note
-------+----------+-------------------------------------------
     0 | D        | dduke234 the Demonspawn Monk began the quest for the Orb.
     0 | D        | Reached XP level 1. HP: 18/18 MP: 1/1
     4 | D        | Found a shadowy altar of Dithmenos.
     5 | D        | Found a bloodstained altar of Trog.
     5 | D        | Found an ancient bone altar of Kikubaaqudgha.
     5 | D        | Round 1.
     7 | D        | Found Onegank's Do-It-Yourself Clinic.
     7 | D        | Found an iron altar of Okawaru.
     7 | D        | Found Wabal Xuinah's Distillery.
     8 | D        | Found Quwip Celau's Bottled Wisdom.
     8 | D        | Found Huoties's Distillery.
    16 | D        | Found a hide-covered altar of Uskayaw.
    34 | D        | Found Pav Hac's Weapon Rack.
    36 | D        | Found Kasauk's Basic Armour.
    36 | D        | Found Buenir Boiz's Miscellaneous Merchandise.
    45 | D        | Found a shimmering blue altar of Sif Muna.
    45 | D        | Found a stormy altar of Qazlal.
    45 | D        | Found Guirgh's Premium Goods.
    50 | D        | Found a basalt altar of Yredelemnul.
    52 | D        | Found a corrupted altar of Lugonu.
    55 | D        | Found a sacrificial altar of Ru.
    56 | D        | Found Gocex's Identification Station.
    58 | D        | Found Miff's Advanced Armour.
    58 | D        | Found Voefeuv's Jewellery.
    62 | D        | Found an opulent altar of Gozag.
    62 | D        | Found an ornate altar of the Wu Jian Council.
    72 | D        | Slain by an adder

Illustrated notes

Levels and vault maps discovered:
D:        arena_sprint

Action                   || total
-------------------------++-------
Melee: Spear             ||    14
       Punch             ||     1
  Use: Potion            ||     1
Armor: Robe              ||     7
Dodge: Dodged            ||    18
